AoeStats
← SticksTricks

Arabia

506467010Analyzed
1v1 RM · 18d ago on Sep 13, 2026· 37m 2s· 2 players
Game mode
Random Map
Map size
Tiny (2 player)
Population
200
Speed
Normal
Resources
Standard
Victory
Conquest
Starting age
Dark Age
Ending age
Imperial Age
RankedLock teamsTeams togetherTeam positionsShared explorationLock speedFull tech treeHidden civsTurbo modeCheats
Victory
Defeat
🇭🇳 Gurjaras · Honduras
806
+15
🇲🇽 Chinese · Mexico
791
-15
Don Cipote
7:13 Loom
9:29 Feudal Age
10:28 Double-Bit Axe
13:21 Padded Archer Armor
13:12 Fletching
15:12 Wheelbarrow
14:18 Horse Collar
22:33 Castle Age
23:32 Castle Age
24:23 Thumb Ring
24:14 Bodkin Arrow
24:35 Leather Archer Armor
24:46 Crossbowman
28:58 Light Cavalry
29:49 Bloodlines
30:36 Ballistics
31:27 Scale Barding Armor
31:33 Forging
33:05 Chain Barding Armor
SticksTricks
7:42 Loom
11:40 Feudal Age
13:01 Double-Bit Axe
12:58 Horse Collar
19:47 Castle Age
20:53 Husbandry
21:03 Bloodlines
21:09 Forging
21:04 Scale Barding Armor
20:50 Fletching
22:37 Bow Saw
25:44 Town Watch
26:34 Wheelbarrow
28:47 Iron Casting
28:42 Elite Skirmisher
29:24 Bodkin Arrow
31:27 Chain Barding Armor
31:08 Padded Archer Armor
34:58 Imperial Age
34:33 Ballistics
34:35 Leather Archer Armor
34:40 Treadmill Crane
36:09 Conscription
Connection lost

Rejoining the realm…

Still unreachable

The connection could not be restored.

Session expired

The server has moved on; the page needs a fresh start.